Condors vs Inferno
Created - March 29, 2021 at 21:04
Goals
|
| Condors |
1 |
1 |
2 |
1 |
5 |
| Inferno |
2 |
1 |
1 |
0 |
4 |
|
Shots
|
| Condors |
7 |
6 |
11 |
1 |
25 |
| Inferno |
13 |
12 |
8 |
0 |
33 |
|
1st period
1. Inferno , Tanner Pearson 54 (Vladimir Sobotka 40) at 1:21
2. Condors , C.J Suess 7 (Mikko Lehtonen 17, Alex Tuch 30) at 16:39
3. Inferno , Vladimir Sobotka 22 (Tanner Pearson 52, Peter Cehlarik 9) at 19:09
Penalties :
Brett Lernout (Bak) for High sticking (Minor) at 2:23
2nd period
4. Condors , Kasperi Kapanen 15 (Mark Jankowski 29) at 5:47
5. Inferno , Tanner Pearson 55 (Vladimir Sobotka 41) at 5:54
Penalties :
Anton Slepyshev (Bak) for Roughing (Minor) at 7:53, Erik Cernak (Bak) for Holding (Minor) at 11:44, Greg Pateryn (Anc) for Tripping (Minor) at 17:40
3rd period
6. Condors , Tyler Bozak 33 (Mark Jankowski 30, Kasperi Kapanen 29) at 2:12
7. Condors , Eric Gustafsson 7 (Louis Leblanc 15) at 16:23 (PP)
8. Inferno , Matthew Nieto 25 (Philip Varone 38, David Savard 34) at 17:09
Penalties :
Caleb Jones (Bak) for High sticking (Minor) at 3:06, Tyler Bozak (Bak) for Goalie Interference (Minor) at 8:39, Colby Cohen (Anc) for Tripping (Minor) at 15:45
Overtime #1
9. Condors , Anton Slepyshev 33 (Zac Leslie 25) at 1:07
Penalties :
No Penalty
Goalie Stats
Ilya Samsonov (Bak), 29 saves from 33 shots - (0.879), W, 13-12-2, 61:07 minutes
Michael Hutchinson (Anc), 20 saves from 25 shots - (0.800), OTL, 27-9-9, 61:07 minutes
Players Stats for Condors
Player Name G A P +/- PIM S H SB GA TA FO MP PP MP PK MP
------------------------------------------------------------------------------------
Adam Erne 0 0 0 0 0 0 0 0 0 0 0/0 0:00 0:00 0:00
Alex Tuch 0 1 1 -2 0 1 1 0 0 0 0/2 18:24 1:23 0:09
Anders Bjork 0 0 0 0 0 0 0 0 0 0 0/0 0:00 0:00 0:00
Anton Slepyshev 1 0 1 2 2 2 3 1 2 0 0/0 14:28 1:04 0:13
Brett Lernout 0 0 0 1 2 0 0 0 0 1 0/0 14:11 0:00 4:52
C.J Suess 1 0 1 1 0 3 0 0 0 0 0/0 7:19 0:00 0:00
Caleb Jones 0 0 0 1 2 0 0 0 0 0 0/0 9:04 0:00 0:00
Carl Gunnarsson 0 0 0 -1 0 0 1 0 1 0 0/0 24:20 1:42 3:32
Chris Bigras 0 0 0 -1 0 1 2 2 0 1 0/0 18:14 0:55 3:32
Christian Thomas 0 0 0 -1 0 1 0 0 1 0 0/0 13:52 0:10 2:45
Connor Hurley 0 0 0 1 0 1 0 0 0 1 0/1 8:18 0:00 0:31
Daniel Zaar 0 0 0 -1 0 1 1 0 0 1 1/1 10:21 0:00 0:00
Emil Djuse 0 0 0 1 0 1 0 0 0 0 0/0 8:16 0:00 0:29
Eric Gustafsson 1 0 1 -1 0 4 0 4 1 1 0/0 25:20 0:55 6:16
Erik Cernak 0 0 0 1 2 0 0 0 0 0 0/0 6:50 0:00 0:00
Gustav Olofsson 0 0 0 0 0 0 0 0 0 0 0/0 1:55 0:00 1:09
Kasperi Kapanen 1 1 2 1 0 3 2 1 0 0 0/0 13:55 1:04 0:00
Louis Leblanc 0 1 1 0 0 1 3 1 0 0 6/12 17:46 0:23 3:54
Mark Jankowski 0 2 2 1 0 1 0 0 0 0 8/12 12:59 0:51 3:25
Mikko Lehtonen 0 1 1 1 0 0 1 0 0 0 1/4 12:11 0:00 3:37
Nail Yakupov 0 0 0 -2 0 2 1 0 1 0 0/1 22:59 1:23 5:16
Nick Merkley 0 0 0 0 0 0 0 0 0 0 0/0 1:17 0:10 0:00
Pavel Buchnevich 0 0 0 0 0 0 0 0 0 0 0/0 0:00 0:00 0:00
Tyler Bozak 1 0 1 -2 2 3 4 1 0 0 12/20 18:00 1:23 0:00
Zac Leslie 0 1 1 -1 0 0 2 0 0 0 0/0 14:29 1:42 0:00
Players Stats for Inferno
Player Name G A P +/- PIM S H SB GA TA FO MP PP MP PK MP
------------------------------------------------------------------------------------
Bryan Rust 0 0 0 0 0 4 2 0 0 0 1/2 17:56 0:00 1:38
Colby Cohen 0 0 0 2 2 2 0 1 0 2 0/0 13:48 0:00 0:47
David Savard 0 1 1 0 0 1 4 3 1 1 0/0 26:53 6:14 1:48
Esa Lindell 0 0 0 0 0 0 1 0 0 0 0/0 26:53 6:14 1:48
Evgeny Svechnikov 0 0 0 1 0 2 1 1 0 0 1/1 16:12 4:12 0:00
Frank Corrado 0 0 0 2 0 0 1 0 0 0 0/0 13:04 0:00 0:02
Greg Pateryn 0 0 0 -2 2 1 1 0 1 0 0/0 20:42 3:41 0:00
Jake DeBrusk 0 0 0 -1 0 2 3 0 0 0 0/0 12:34 0:15 0:39
Kevin Labanc 0 0 0 -1 0 2 0 0 1 0 0/0 16:52 5:34 0:00
Mathieu Brodeur 0 0 0 -2 0 4 0 0 0 1 0/0 21:12 3:41 0:49
Matthew Nieto 1 0 1 1 0 1 0 0 0 0 0/0 16:12 4:12 0:20
Peter Cehlarik 0 1 1 0 0 0 0 0 0 1 0/0 8:02 0:00 0:00
Philip Varone 0 1 1 0 0 2 3 0 2 0 5/7 17:03 4:12 0:53
Ryan Spooner 0 0 0 0 0 0 0 1 0 0 0/0 8:02 0:00 0:00
Tanner Pearson 2 1 3 1 0 3 2 0 0 0 0/4 22:11 5:28 0:00
Tyler Shattock 0 0 0 0 0 4 3 0 0 0 0/0 8:11 0:09 0:00
Victor Rask 0 0 0 -1 0 2 2 0 0 1 0/4 12:21 0:15 0:14
Vladimir Sobotka 1 2 3 1 0 3 0 0 0 0 18/35 23:41 5:28 1:30
3 Stars
1 - Tanner Pearson (Anc)
2 - Vladimir Sobotka (Anc)
3 - Kasperi Kapanen (Bak)
Power Play
Condors - 1 on 2 Attempt(s) - 50.00%
Inferno - 0 on 5 Attempt(s) - 0.00%
Penalty Kill
Condors - 5 on 5 Attempt(s) - 100.00%
- Score 0 goal in Penalty Kill
Inferno - 1 on 2 Attempt(s) - 50.00%
- Score 0 goal in Penalty Kill
Team Stat
Condors - Hits : 21 - Faceoff Wins : 28 - Blocked Shots : 10 - Penalty Minutes : 10
Inferno - Hits : 23 - Faceoff Wins : 25 - Blocked Shots : 6 - Penalty Minutes : 4
Official
Referees : Unknown
Linesman : Unknown
Game Notes
Mark Jankowski is injured at 3:24 of 3rd period (Fractured Right Foot)
Finance
Level 1 -- Attendance: 1374 (68.70%) -- Ticket Income $54,960
Level 2 -- Attendance: 739 (73.90%) -- Ticket Income $14,780
Total Attendance: 2113 (70.43%)
Total Ticket Income: $69,740
Other Income: $3,487
Total Income: $73,227
Condors
5 vs 5 Forward
Center Left Wing Right Wing Time % Phy DF OF
1 Tyler Bozak Alex Tuch Nail Yakupov 40 1 2 2
2 Mark Jankowski Anton Slepyshev Kasperi Kapanen 30 1 2 2
3 Louis Leblanc Christian Thomas Daniel Zaar 20 1 2 2
4 Connor Hurley C.J Suess Mikko Lehtonen 10 1 2 2
5 vs 5 Defense
Defense Defense Time % Phy DF OF
1 Carl Gunnarsson Eric Gustafsson 40 1 2 2
2 Zac Leslie Chris Bigras 30 1 2 2
3 Caleb Jones Brett Lernout 20 1 2 2
4 Emil Djuse Erik Cernak 10 1 2 2
PowerPlay Forward
Center Left Wing Right Wing Time % Phy DF OF
1 Tyler Bozak Alex Tuch Nail Yakupov 60 1 2 2
2 Mark Jankowski Anton Slepyshev Kasperi Kapanen 40 1 2 2
PowerPlay Defense
Defense Defense Time % Phy DF OF
1 Carl Gunnarsson Zac Leslie 60 1 2 2
2 Chris Bigras Eric Gustafsson 40 1 2 2
Penalty Kill 4 Players Forward
Center Wing Time % Phy DF OF
1 Mark Jankowski Nail Yakupov 60 1 2 2
2 Louis Leblanc Mikko Lehtonen 40 1 2 2
Penalty Kill 4 Players Defense
Defense Defense Time % Phy DF OF
1 Brett Lernout Eric Gustafsson 60 1 2 2
2 Carl Gunnarsson Chris Bigras 40 1 2 2
Penalty Kill - 3 Players Forward
Forward Time % Phy DF OF
1 Tyler Bozak 60 1 2 2
2 Nail Yakupov 40 1 2 2
Penalty Kill - 3 Players Defense
Defense Defense Time % Phy DF OF
1 Carl Gunnarsson Eric Gustafsson 60 1 2 2
2 Zac Leslie Erik Cernak 40 1 2 2
4 vs 4 Forward
Center Wing Time % Phy DF OF
1 Tyler Bozak Nail Yakupov 60 1 2 2
2 Mark Jankowski Anton Slepyshev 40 1 2 2
4 vs 4 Defense
Defense Defense Time % Phy DF OF
1 Carl Gunnarsson Eric Gustafsson 60 1 2 2
2 Zac Leslie Chris Bigras 40 1 2 2
Last Minutes Offensive
Center Left Wing Right Wing Defense Defense
Tyler Bozak Anton Slepyshev Nail Yakupov Carl Gunnarsson Eric Gustafsson
Last Minutes Defensive
Center Left Wing Right Wing Defense Defense
Tyler Bozak Anton Slepyshev Nail Yakupov Carl Gunnarsson Eric Gustafsson
Goaltenders
Starting : Ilya Samsonov
Backup : Mark Visentin
Extra Forwards
Normal : Louis Leblanc, Alex Tuch, Mikko Lehtonen - PP : Louis Leblanc, Alex Tuch - PK : Mikko Lehtonen
Extra Defensemen
Normal : Erik Cernak, Brett Lernout, Gustav Olofsson - PP : Erik Cernak - PK : Brett Lernout, Gustav Olofsson
Penalty Shots
Tyler Bozak, Nail Yakupov, Mikko Lehtonen, Mark Jankowski, Anton Slepyshev
Scratches
Cole Cassels (Healthy), Jordan Subban (Healthy), Jeremy Gregoire (Healthy), Remi Elie (Healthy), Brett Ritchie (Healthy)
Frederik Gauthier (Bruised Left Arm Injury), Hunter Smith (Healthy), Jack Campbell (Healthy)
Inferno
5 vs 5 Forward
Center Left Wing Right Wing Time % Phy DF OF
1 Vladimir Sobotka Tanner Pearson Bryan Rust 40 1 2 2
2 Philip Varone Matthew Nieto Evgeny Svechnikov 30 1 2 2
3 Victor Rask Jake DeBrusk Kevin Labanc 20 1 2 2
4 Ryan Spooner Peter Cehlarik Tyler Shattock 10 1 2 2
5 vs 5 Defense
Defense Defense Time % Phy DF OF
1 David Savard Esa Lindell 40 1 2 2
2 Greg Pateryn Mathieu Brodeur 30 1 2 2
3 Colby Cohen Frank Corrado 20 1 2 2
4 Greg Pateryn Mathieu Brodeur 10 1 2 2
PowerPlay Forward
Center Left Wing Right Wing Time % Phy DF OF
1 Vladimir Sobotka Tanner Pearson Kevin Labanc 60 1 2 2
2 Philip Varone Matthew Nieto Evgeny Svechnikov 40 1 2 2
PowerPlay Defense
Defense Defense Time % Phy DF OF
1 David Savard Esa Lindell 60 1 2 2
2 Greg Pateryn Mathieu Brodeur 40 1 2 2
Penalty Kill 4 Players Forward
Center Wing Time % Phy DF OF
1 Vladimir Sobotka Bryan Rust 60 1 2 2
2 Philip Varone Matthew Nieto 40 1 2 2
Penalty Kill 4 Players Defense
Defense Defense Time % Phy DF OF
1 David Savard Esa Lindell 60 1 2 2
2 Colby Cohen Mathieu Brodeur 40 1 2 2
Penalty Kill - 3 Players Forward
Forward Time % Phy DF OF
1 Vladimir Sobotka 60 1 2 2
2 Bryan Rust 40 1 2 2
Penalty Kill - 3 Players Defense
Defense Defense Time % Phy DF OF
1 David Savard Esa Lindell 60 1 2 2
2 Colby Cohen Mathieu Brodeur 40 1 2 2
4 vs 4 Forward
Center Wing Time % Phy DF OF
1 Vladimir Sobotka Tanner Pearson 60 1 2 2
2 Philip Varone Bryan Rust 40 1 2 2
4 vs 4 Defense
Defense Defense Time % Phy DF OF
1 David Savard Esa Lindell 60 1 2 2
2 Greg Pateryn Mathieu Brodeur 40 1 2 2
Last Minutes Offensive
Center Left Wing Right Wing Defense Defense
Vladimir Sobotka Tanner Pearson Bryan Rust David Savard Esa Lindell
Last Minutes Defensive
Center Left Wing Right Wing Defense Defense
Vladimir Sobotka Tanner Pearson Bryan Rust David Savard Esa Lindell
Goaltenders
Starting : Michael Hutchinson
Backup : Antti Raanta
Extra Forwards
Normal : Victor Rask, Matthew Nieto, Evgeny Svechnikov - PP : Evgeny Svechnikov, Kevin Labanc - PK : Philip Varone
Extra Defensemen
Normal : Greg Pateryn, Colby Cohen, Frank Corrado - PP : Greg Pateryn - PK : Colby Cohen, Frank Corrado
Penalty Shots
Jake DeBrusk, Tanner Pearson, Evgeny Svechnikov, Philip Varone, Matthew Nieto
Scratches
Chris Brown (Healthy), Rasmus Andersson (Healthy), Christian Jaros (Healthy), Trevor Carrick (Healthy), Petteri Lindbohm (Healthy)
Alexander True (Healthy), Eric Karlsson (Healthy), Barclay Goodrow (Left Ankle Injury), John Gilmour (Healthy), Ryan Donato (Healthy)
Vladislav Kamenev (Healthy), Dominik Masin (Healthy), Brandon Hickey (Healthy), Nathan Lieuwen (Healthy), Vitek Vanecek (Healthy)
% Time on Ice - Condors
Lines # - Real PCT - Wanted PCT - Time Play
Normal Forward
1 - 36% - 40% - 16:57
2 - 27% - 30% - 12:51
3 - 22% - 20% - 10:21
4 - 15% - 10% - 7:19
Normal Defense
1 - 37% - 40% - 17:37
2 - 30% - 30% - 14:18
3 - 19% - 20% - 8:54
4 - 14% - 10% - 6:39
PP Forward
1 - 59% - 60% - 1:33
2 - 41% - 40% - 1:04
PP Defense
1 - 65% - 60% - 1:42
2 - 35% - 40% - 0:55
PK Forward
1 - 90% - 60% - 8:53
2 - 10% - 40% - 1:02
PK Defense
1 - 63% - 60% - 6:16
2 - 37% - 40% - 3:39
PK3 Forward
1 - 0% - 60%
2 - 0% - 40%
PK3 Defense
1 - 0% - 60%
2 - 0% - 40%
44 Forward
1 - 78% - 60% - 0:52
2 - 22% - 40% - 0:15
44 Defense
1 - 78% - 60% - 0:52
2 - 22% - 40% - 0:15
Last Minute Offensive - 0:00
Last Minute Defensive - 0:00
Total
Forward - 61:07
Defense - 61:07
|
% Time on Ice - Inferno
Lines # - Real PCT - Wanted PCT - Time Play
Normal Forward
1 - 35% - 40% - 16:23
2 - 24% - 30% - 11:23
3 - 25% - 20% - 11:40
4 - 17% - 10% - 8:02
Normal Defense
1 - 38% - 40% - 17:59
2 - 30% - 30% - 14:19
3 - 27% - 20% - 13:02
4 - 4% - 10% - 2:08
PP Forward
1 - 58% - 60% - 5:43
2 - 42% - 40% - 4:12
PP Defense
1 - 63% - 60% - 6:14
2 - 37% - 40% - 3:41
PK Forward
1 - 87% - 60% - 2:17
2 - 13% - 40% - 0:20
PK Defense
1 - 69% - 60% - 1:48
2 - 31% - 40% - 0:49
PK3 Forward
1 - 0% - 60%
2 - 0% - 40%
PK3 Defense
1 - 0% - 60%
2 - 0% - 40%
44 Forward
1 - 78% - 60% - 0:52
2 - 22% - 40% - 0:15
44 Defense
1 - 78% - 60% - 0:52
2 - 22% - 40% - 0:15
Last Minute Offensive - 0:00
Last Minute Defensive - 0:00
Total
Forward - 61:07
Defense - 61:07
|
Play-by-Play
1st period
0:01 of 1st period - Tyler Bozak wins face-off versus Vladimir Sobotka in neutral zone.
1:13 of 1st period - Backhand shot by Tyler Shattock.
1:13 of 1st period - Shot Misses the Net.
1:15 of 1st period - Slapshot by Mathieu Brodeur.
1:15 of 1st period - Shot Blocked by Tyler Bozak.
1:17 of 1st period - Wrist shot by Greg Pateryn.
1:17 of 1st period - Stopped by Ilya Samsonov without a rebound.
1:18 of 1st period - Vladimir Sobotka wins face-off versus Louis Leblanc in Condors zone.
1:19 of 1st period - Snap shot by Tanner Pearson.
1:19 of 1st period - Shot Misses the Net.
1:21 of 1st period - Slapshot by Tanner Pearson.
1:21 of 1st period - Goal by Tanner Pearson - Condors : 0 - Inferno : 1.
1:22 of 1st period - Vladimir Sobotka wins face-off versus Mark Jankowski in neutral zone.
1:31 of 1st period - Wrist shot by Bryan Rust.
1:31 of 1st period - Stopped by Ilya Samsonov with a rebound.
1:52 of 1st period - Snap shot by Daniel Zaar.
1:52 of 1st period - Shot Misses the Net.
2:10 of 1st period - Kevin Labanc is hit by Tyler Bozak and loses puck.
2:23 of 1st period - Minor Penalty to Brett Lernout for High sticking.
2:24 of 1st period - Mark Jankowski wins face-off versus Vladimir Sobotka in Condors zone.
2:49 of 1st period - Eric Gustafsson is hit by Philip Varone and loses puck.
2:58 of 1st period - Snap shot by Philip Varone.
2:58 of 1st period - Shot Misses the Net.
3:12 of 1st period - Wrist shot by Louis Leblanc.
3:12 of 1st period - Shot Misses the Net.
3:14 of 1st period - Snap shot by Eric Gustafsson.
3:14 of 1st period - Stopped by Michael Hutchinson with a rebound.
3:29 of 1st period - Icing by Philip Varone.
3:30 of 1st period - Louis Leblanc wins face-off versus Philip Varone in Inferno zone.
3:35 of 1st period - Snap shot by Christian Thomas.
3:35 of 1st period - Stopped by Michael Hutchinson with a rebound.
4:23 of 1st period - Penalty to Brett Lernout is over, Brett Lernout is back on ice.
4:35 of 1st period - Wrist shot by C.J Suess.
4:35 of 1st period - Stopped by Michael Hutchinson with a rebound.
4:37 of 1st period - Slapshot by Emil Djuse.
4:37 of 1st period - Stopped by Michael Hutchinson with a rebound.
4:39 of 1st period - Wrist shot by C.J Suess.
4:39 of 1st period - Shot Misses the Net.
4:41 of 1st period - Snap shot by Mikko Lehtonen.
4:41 of 1st period - Shot Misses the Net.
5:03 of 1st period - Jake DeBrusk is hit by Alex Tuch and loses puck.
5:18 of 1st period - Snap shot by Vladimir Sobotka.
5:18 of 1st period - Stopped by Ilya Samsonov without a rebound.
5:19 of 1st period - Daniel Zaar wins face-off versus Tanner Pearson in Condors zone.
5:44 of 1st period - Mark Jankowski is hit by David Savard and loses puck.
6:15 of 1st period - Brett Lernout is hit by Frank Corrado and loses puck.
6:32 of 1st period - Slapshot by Nail Yakupov.
6:32 of 1st period - Deflect By David Savard.
6:32 of 1st period - Shot Blocked by David Savard.
6:32 of 1st period - Puck is out of play.
6:33 of 1st period - Vladimir Sobotka wins face-off versus Louis Leblanc in Inferno zone.
7:19 of 1st period - Snap shot by Evgeny Svechnikov.
7:19 of 1st period - Shot Misses the Net.
7:25 of 1st period - David Savard is hit by Kasperi Kapanen and loses puck.
7:40 of 1st period - Snap shot by David Savard.
7:40 of 1st period - Stopped by Ilya Samsonov with a rebound.
9:03 of 1st period - Slapshot by Tanner Pearson.
9:03 of 1st period - Shot Blocked by Chris Bigras.
9:09 of 1st period - Vladimir Sobotka is hit by Zac Leslie and loses puck.
9:26 of 1st period - Daniel Zaar is hit by Evgeny Svechnikov and loses puck.
10:34 of 1st period - Icing by Colby Cohen.
10:35 of 1st period - Tyler Bozak wins face-off versus Tanner Pearson in Inferno zone.
10:36 of 1st period - Snap shot by Nail Yakupov.
10:36 of 1st period - Stopped by Michael Hutchinson without a rebound.
10:37 of 1st period - Vladimir Sobotka wins face-off versus Tyler Bozak in Inferno zone.
10:46 of 1st period - Snap shot by Tanner Pearson.
10:46 of 1st period - Shot Misses the Net.
10:48 of 1st period - Snap shot by Colby Cohen.
10:48 of 1st period - Stopped by Ilya Samsonov without a rebound.
10:49 of 1st period - Tyler Bozak wins face-off versus Vladimir Sobotka in Condors zone.
10:49 of 1st period - Tyler Bozak is hit by David Savard.
11:15 of 1st period - Tyler Bozak is hit by Esa Lindell and loses puck.
11:46 of 1st period - Snap shot by Nail Yakupov.
11:46 of 1st period - Shot Blocked by David Savard.
12:00 of 1st period - Tyler Bozak is hit by Bryan Rust.
12:12 of 1st period - Snap shot by Bryan Rust.
12:12 of 1st period - Stopped by Ilya Samsonov without a rebound.
12:13 of 1st period - Mark Jankowski wins face-off versus Philip Varone in Condors zone.
13:03 of 1st period - Snap shot by Tyler Shattock.
13:03 of 1st period - Stopped by Ilya Samsonov with a rebound.
15:21 of 1st period - Wrist shot by Tyler Shattock.
15:21 of 1st period - Stopped by Ilya Samsonov with a rebound.
15:23 of 1st period - Wrist shot by Colby Cohen.
15:23 of 1st period - Shot Blocked by Chris Bigras.
15:35 of 1st period - Slapshot by Kasperi Kapanen.
15:35 of 1st period - Shot Blocked by Evgeny Svechnikov.
15:37 of 1st period - Slapshot by Chris Bigras.
15:37 of 1st period - Shot Misses the Net.
16:03 of 1st period - Slapshot by Louis Leblanc.
16:03 of 1st period - Stopped by Michael Hutchinson with a rebound.
16:23 of 1st period - Jake DeBrusk is hit by Tyler Bozak and loses puck.
16:39 of 1st period - Snap shot by C.J Suess.
16:39 of 1st period - Goal by C.J Suess - Condors : 1 - Inferno : 1.
16:40 of 1st period - Tyler Bozak wins face-off versus Vladimir Sobotka in neutral zone.
16:55 of 1st period - Snap shot by Vladimir Sobotka.
16:55 of 1st period - Shot Misses the Net.
16:57 of 1st period - Slapshot by Mathieu Brodeur.
16:57 of 1st period - Stopped by Ilya Samsonov with a rebound.
17:34 of 1st period - Wrist shot by Victor Rask.
17:34 of 1st period - Stopped by Ilya Samsonov without a rebound.
17:35 of 1st period - Vladimir Sobotka wins face-off versus Tyler Bozak in Condors zone.
18:26 of 1st period - Wrist shot by Jake DeBrusk.
18:26 of 1st period - Shot Misses the Net.
19:07 of 1st period - Wrist shot by Tanner Pearson.
19:07 of 1st period - Shot Blocked by Eric Gustafsson.
19:09 of 1st period - Slapshot by Vladimir Sobotka.
19:09 of 1st period - Goal by Vladimir Sobotka - Condors : 1 - Inferno : 2.
19:10 of 1st period - Vladimir Sobotka wins face-off versus Nail Yakupov in neutral zone.
19:34 of 1st period - Icing by Zac Leslie.
19:35 of 1st period - Evgeny Svechnikov wins face-off versus Louis Leblanc in Condors zone.
19:36 of 1st period - Wrist shot by Philip Varone.
19:36 of 1st period - Stopped by Ilya Samsonov with a rebound.
Goals for this period are 1 for Condors vs 2 for Inferno.
Shots for this period are 7 for Condors vs 13 for Inferno.
2nd period
0:01 of 2nd period - Tyler Bozak wins face-off versus Vladimir Sobotka in neutral zone.
0:12 of 2nd period - Snap shot by Tyler Bozak.
0:12 of 2nd period - Stopped by Michael Hutchinson without a rebound.
0:13 of 2nd period - Vladimir Sobotka wins face-off versus Tyler Bozak in Inferno zone.
0:20 of 2nd period - Snap shot by Vladimir Sobotka.
0:20 of 2nd period - Stopped by Ilya Samsonov with a rebound.
0:46 of 2nd period - Wrist shot by Tanner Pearson.
0:46 of 2nd period - Shot Misses the Net.
0:52 of 2nd period - Wrist shot by Anton Slepyshev.
0:52 of 2nd period - Stopped by Michael Hutchinson with a rebound.
0:54 of 2nd period - Snap shot by Kasperi Kapanen.
0:54 of 2nd period - Stopped by Michael Hutchinson with a rebound.
1:06 of 2nd period - Louis Leblanc is hit by Victor Rask and loses puck.
1:23 of 2nd period - Emil Djuse is hit by Jake DeBrusk and loses puck.
1:57 of 2nd period - Snap shot by Victor Rask.
1:57 of 2nd period - Shot Blocked by Louis Leblanc.
1:59 of 2nd period - Backhand shot by Colby Cohen.
1:59 of 2nd period - Stopped by Ilya Samsonov with a rebound.
2:01 of 2nd period - Snap shot by Colby Cohen.
2:01 of 2nd period - Deflect By Victor Rask.
2:01 of 2nd period - Stopped by Ilya Samsonov with a rebound.
2:03 of 2nd period - Slapshot by Frank Corrado.
2:03 of 2nd period - Shot Misses the Net.
2:25 of 2nd period - Slapshot by Kevin Labanc.
2:25 of 2nd period - Shot Misses the Net.
2:27 of 2nd period - Slapshot by Colby Cohen.
2:27 of 2nd period - Shot Misses the Net.
2:35 of 2nd period - Wrist shot by Kevin Labanc.
2:35 of 2nd period - Stopped by Ilya Samsonov with a rebound.
2:37 of 2nd period - Wrist shot by Jake DeBrusk.
2:37 of 2nd period - Stopped by Ilya Samsonov without a rebound.
2:38 of 2nd period - Tyler Bozak wins face-off versus Bryan Rust in Condors zone.
2:47 of 2nd period - Alex Tuch is hit by David Savard and loses puck.
2:52 of 2nd period - Snap shot by Bryan Rust.
2:52 of 2nd period - Stopped by Ilya Samsonov without a rebound.
2:53 of 2nd period - Philip Varone wins face-off versus Mark Jankowski in Condors zone.
3:25 of 2nd period - Greg Pateryn is hit by Chris Bigras and loses puck.
4:30 of 2nd period - Mikko Lehtonen is hit by Tyler Shattock and loses puck.
4:41 of 2nd period - Philip Varone is hit by Kasperi Kapanen.
5:05 of 2nd period - Esa Lindell is hit by Anton Slepyshev and loses puck.
5:41 of 2nd period - Off-side.
5:42 of 2nd period - Mark Jankowski wins face-off versus Vladimir Sobotka in neutral zone.
5:47 of 2nd period - Wrist shot by Kasperi Kapanen.
5:47 of 2nd period - Goal by Kasperi Kapanen - Condors : 2 - Inferno : 2.
5:48 of 2nd period - Vladimir Sobotka wins face-off versus Alex Tuch in neutral zone.
5:54 of 2nd period - Wrist shot by Tanner Pearson.
5:54 of 2nd period - Goal by Tanner Pearson - Condors : 2 - Inferno : 3.
5:55 of 2nd period - Tyler Bozak wins face-off versus Vladimir Sobotka in neutral zone.
6:10 of 2nd period - Snap shot by Nail Yakupov.
6:10 of 2nd period - Shot Misses the Net.
6:28 of 2nd period - Wrist shot by Daniel Zaar.
6:28 of 2nd period - Shot Misses the Net.
6:30 of 2nd period - Slapshot by Chris Bigras.
6:30 of 2nd period - Stopped by Michael Hutchinson with a rebound.
6:32 of 2nd period - Wrist shot by Zac Leslie.
6:32 of 2nd period - Shot Misses the Net.
6:46 of 2nd period - Slapshot by Mark Jankowski.
6:46 of 2nd period - Stopped by Michael Hutchinson without a rebound.
6:47 of 2nd period - Philip Varone wins face-off versus Tyler Bozak in Inferno zone.
7:02 of 2nd period - Backhand shot by Matthew Nieto.
7:02 of 2nd period - Deflect By Philip Varone.
7:02 of 2nd period - Stopped by Ilya Samsonov with a rebound.
7:04 of 2nd period - Slapshot by Esa Lindell.
7:04 of 2nd period - Shot Misses the Net.
7:06 of 2nd period - Slapshot by Esa Lindell.
7:06 of 2nd period - Shot Misses the Net.
7:08 of 2nd period - Snap shot by Evgeny Svechnikov.
7:08 of 2nd period - Shot Blocked by Eric Gustafsson.
7:10 of 2nd period - Wrist shot by Evgeny Svechnikov.
7:10 of 2nd period - Shot Misses the Net.
7:48 of 2nd period - Snap shot by Matthew Nieto.
7:48 of 2nd period - Deflect By Evgeny Svechnikov.
7:48 of 2nd period - Stopped by Ilya Samsonov with a rebound.
7:50 of 2nd period - Slapshot by Mathieu Brodeur.
7:50 of 2nd period - Stopped by Ilya Samsonov without a rebound.
7:51 of 2nd period - Mark Jankowski wins face-off versus Vladimir Sobotka in Condors zone.
7:53 of 2nd period - Minor Penalty to Anton Slepyshev for Roughing.
7:54 of 2nd period - Mark Jankowski wins face-off versus Vladimir Sobotka in Condors zone.
9:46 of 2nd period - David Savard is hit by Chris Bigras and loses puck.
9:53 of 2nd period - Penalty to Anton Slepyshev is over, Anton Slepyshev is back on ice.
10:09 of 2nd period - Snap shot by Tyler Shattock.
10:09 of 2nd period - Stopped by Ilya Samsonov with a rebound.
10:46 of 2nd period - Snap shot by C.J Suess.
10:46 of 2nd period - Shot Misses the Net.
10:58 of 2nd period - C.J Suess is hit by Jake DeBrusk.
11:44 of 2nd period - Minor Penalty to Erik Cernak for Holding.
11:45 of 2nd period - Mark Jankowski wins face-off versus Vladimir Sobotka in Condors zone.
13:44 of 2nd period - Penalty to Erik Cernak is over, Erik Cernak is back on ice.
16:09 of 2nd period - Evgeny Svechnikov is hit by Anton Slepyshev and loses puck.
16:28 of 2nd period - Tyler Bozak is hit by Jake DeBrusk and loses puck.
16:35 of 2nd period - Victor Rask is hit by Nail Yakupov and loses puck.
16:50 of 2nd period - Wrist shot by Mikko Lehtonen.
16:50 of 2nd period - Shot Misses the Net.
16:52 of 2nd period - Snap shot by Connor Hurley.
16:52 of 2nd period - Shot Blocked by Colby Cohen.
16:58 of 2nd period - Wrist shot by Jake DeBrusk.
16:58 of 2nd period - Stopped by Ilya Samsonov without a rebound.
16:59 of 2nd period - Vladimir Sobotka wins face-off versus Mark Jankowski in Condors zone.
17:05 of 2nd period - Icing by Chris Bigras.
17:06 of 2nd period - Mark Jankowski wins face-off versus Vladimir Sobotka in Condors zone.
17:13 of 2nd period - Wrist shot by Vladimir Sobotka.
17:13 of 2nd period - Shot Misses the Net.
17:40 of 2nd period - Minor Penalty to Greg Pateryn for Tripping.
17:41 of 2nd period - Bryan Rust wins face-off versus Tyler Bozak in Inferno zone.
18:27 of 2nd period - Chris Bigras is hit by David Savard.
19:13 of 2nd period - Victor Rask is hit by Anton Slepyshev and loses puck.
19:40 of 2nd period - Penalty to Greg Pateryn is over, Greg Pateryn is back on ice.
19:51 of 2nd period - David Savard is hit by Louis Leblanc and loses puck.
Goals for this period are 1 for Condors vs 1 for Inferno.
Shots for this period are 6 for Condors vs 12 for Inferno.
3rd period
0:01 of 3rd period - Vladimir Sobotka wins face-off versus Tyler Bozak in neutral zone.
0:26 of 3rd period - Carl Gunnarsson is hit by Philip Varone and loses puck.
1:39 of 3rd period - Snap shot by Connor Hurley.
1:39 of 3rd period - Stopped by Michael Hutchinson with a rebound.
1:51 of 3rd period - Kasperi Kapanen is hit by Philip Varone and loses puck.
2:12 of 3rd period - Snap shot by Tyler Bozak.
2:12 of 3rd period - Goal by Tyler Bozak - Condors : 3 - Inferno : 3.
2:13 of 3rd period - Tyler Bozak wins face-off versus Vladimir Sobotka in neutral zone.
2:16 of 3rd period - Wrist shot by Nail Yakupov.
2:16 of 3rd period - Shot Misses the Net.
2:18 of 3rd period - Slapshot by Eric Gustafsson.
2:18 of 3rd period - Stopped by Michael Hutchinson with a rebound.
2:38 of 3rd period - Bryan Rust is hit by Louis Leblanc and loses puck.
2:43 of 3rd period - Snap shot by Daniel Zaar.
2:43 of 3rd period - Deflect By Louis Leblanc.
2:43 of 3rd period - Shot Misses the Net.
2:43 of 3rd period - Puck is out of play.
2:44 of 3rd period - Philip Varone wins face-off versus Louis Leblanc in Inferno zone.
2:44 of 3rd period - Philip Varone is hit by Daniel Zaar.
3:06 of 3rd period - Minor Penalty to Caleb Jones for High sticking.
3:07 of 3rd period - Vladimir Sobotka wins face-off versus Mark Jankowski in Condors zone.
3:20 of 3rd period - Wrist shot by Tanner Pearson.
3:20 of 3rd period - Shot Blocked by Eric Gustafsson.
3:22 of 3rd period - Wrist shot by Kevin Labanc.
3:22 of 3rd period - Stopped by Ilya Samsonov without a rebound.
3:23 of 3rd period - Mark Jankowski wins face-off versus Tanner Pearson in Condors zone.
3:23 of 3rd period - Mark Jankowski is hit by Tanner Pearson.
3:24 of 3rd period - Mark Jankowski from Condors is injured at 3:24 of 3rd period (Fractured Right Foot).
3:25 of 3rd period - Vladimir Sobotka wins face-off versus Mikko Lehtonen in Condors zone.
3:38 of 3rd period - Slapshot by Nail Yakupov.
3:38 of 3rd period - Stopped by Michael Hutchinson without a rebound.
3:39 of 3rd period - Vladimir Sobotka wins face-off versus Mikko Lehtonen in Inferno zone.
5:06 of 3rd period - Penalty to Caleb Jones is over, Caleb Jones is back on ice.
5:26 of 3rd period - Slapshot by Carl Gunnarsson.
5:26 of 3rd period - Shot Blocked by Ryan Spooner.
5:47 of 3rd period - Colby Cohen is hit by Mikko Lehtonen and loses puck.
6:06 of 3rd period - Alex Tuch is hit by Tyler Shattock and loses puck.
6:24 of 3rd period - Off-side.
6:25 of 3rd period - Louis Leblanc wins face-off versus Victor Rask in neutral zone.
6:38 of 3rd period - Wrist shot by Daniel Zaar.
6:38 of 3rd period - Stopped by Michael Hutchinson without a rebound.
6:39 of 3rd period - Tyler Bozak wins face-off versus Vladimir Sobotka in Inferno zone.
6:52 of 3rd period - Slapshot by Tanner Pearson.
6:52 of 3rd period - Stopped by Ilya Samsonov without a rebound.
6:53 of 3rd period - Louis Leblanc wins face-off versus Vladimir Sobotka in Condors zone.
6:53 of 3rd period - Louis Leblanc is hit by Bryan Rust.
7:03 of 3rd period - Wrist shot by Tanner Pearson.
7:03 of 3rd period - Shot Blocked by Anton Slepyshev.
7:05 of 3rd period - Wrist shot by Bryan Rust.
7:05 of 3rd period - Stopped by Ilya Samsonov with a rebound.
7:07 of 3rd period - Slapshot by Bryan Rust.
7:07 of 3rd period - Shot Blocked by Kasperi Kapanen.
7:30 of 3rd period - Snap shot by Nail Yakupov.
7:30 of 3rd period - Deflect By Tyler Bozak.
7:30 of 3rd period - Shot Misses the Net.
7:30 of 3rd period - Puck is out of play.
7:31 of 3rd period - Vladimir Sobotka wins face-off versus Tyler Bozak in Inferno zone.
7:38 of 3rd period - Wrist shot by Tanner Pearson.
7:38 of 3rd period - Shot Misses the Net.
8:39 of 3rd period - Minor Penalty to Tyler Bozak for Goalie Interference.
8:40 of 3rd period - Mikko Lehtonen wins face-off versus Tanner Pearson in Condors zone.
8:45 of 3rd period - Wrist shot by Eric Gustafsson.
8:45 of 3rd period - Stopped by Michael Hutchinson without a rebound.
8:46 of 3rd period - Vladimir Sobotka wins face-off versus Mikko Lehtonen in Inferno zone.
10:39 of 3rd period - Penalty to Tyler Bozak is over, Tyler Bozak is back on ice.
10:53 of 3rd period - Brett Lernout is hit by Tyler Shattock and loses puck.
11:05 of 3rd period - Off-side.
11:06 of 3rd period - Tyler Bozak wins face-off versus Victor Rask in neutral zone.
11:30 of 3rd period - Mikko Lehtonen is hit by Greg Pateryn and loses puck.
11:35 of 3rd period - Snap shot by Tyler Shattock.
11:35 of 3rd period - Stopped by Ilya Samsonov without a rebound.
11:36 of 3rd period - Louis Leblanc wins face-off versus Vladimir Sobotka in Condors zone.
12:13 of 3rd period - Philip Varone is hit by Carl Gunnarsson and loses puck.
13:23 of 3rd period - Wrist shot by Tanner Pearson.
13:23 of 3rd period - Shot Misses the Net.
13:33 of 3rd period - Wrist shot by C.J Suess.
13:33 of 3rd period - Stopped by Michael Hutchinson without a rebound.
13:34 of 3rd period - Philip Varone wins face-off versus Connor Hurley in Inferno zone.
13:59 of 3rd period - Carl Gunnarsson is hit by Tanner Pearson and loses puck.
14:04 of 3rd period - Wrist shot by Bryan Rust.
14:04 of 3rd period - Shot Misses the Net.
14:30 of 3rd period - Esa Lindell is hit by Tyler Bozak and loses puck.
15:11 of 3rd period - Slapshot by Mathieu Brodeur.
15:11 of 3rd period - Stopped by Ilya Samsonov with a rebound.
15:13 of 3rd period - Slapshot by Mathieu Brodeur.
15:13 of 3rd period - Stopped by Ilya Samsonov with a rebound.
15:45 of 3rd period - Minor Penalty to Colby Cohen for Tripping.
15:46 of 3rd period - Vladimir Sobotka wins face-off versus Alex Tuch in Inferno zone.
15:50 of 3rd period - Bryan Rust is hit by Zac Leslie and loses puck.
16:01 of 3rd period - Esa Lindell is hit by Tyler Bozak and loses puck.
16:16 of 3rd period - Esa Lindell is hit by Louis Leblanc and loses puck.
16:21 of 3rd period - Wrist shot by Kasperi Kapanen.
16:21 of 3rd period - Stopped by Michael Hutchinson without a rebound.
16:22 of 3rd period - Louis Leblanc wins face-off versus Vladimir Sobotka in Inferno zone.
16:23 of 3rd period - Slapshot by Eric Gustafsson.
16:23 of 3rd period - Deflect By Mathieu Brodeur.
16:23 of 3rd period - Goal by Eric Gustafsson - Condors : 4 - Inferno : 3.
16:24 of 3rd period - Vladimir Sobotka wins face-off versus Louis Leblanc in neutral zone.
17:09 of 3rd period - Slapshot by Philip Varone.
17:09 of 3rd period - Deflect By Matthew Nieto.
17:09 of 3rd period - Goal by Matthew Nieto - Condors : 4 - Inferno : 4.
17:10 of 3rd period - Louis Leblanc wins face-off versus Victor Rask in neutral zone.
17:24 of 3rd period - Off-side.
17:25 of 3rd period - Vladimir Sobotka wins face-off versus Tyler Bozak in neutral zone.
17:40 of 3rd period - Snap shot by Tyler Bozak.
17:40 of 3rd period - Stopped by Michael Hutchinson with a rebound.
18:09 of 3rd period - Snap shot by Philip Varone.
18:09 of 3rd period - Deflect By Evgeny Svechnikov.
18:09 of 3rd period - Stopped by Ilya Samsonov with a rebound.
18:40 of 3rd period - Wrist shot by Tyler Bozak.
18:40 of 3rd period - Shot Misses the Net.
18:42 of 3rd period - Slapshot by Alex Tuch.
18:42 of 3rd period - Stopped by Michael Hutchinson without a rebound.
18:43 of 3rd period - Tyler Bozak wins face-off versus Victor Rask in Inferno zone.
18:52 of 3rd period - Tyler Bozak is hit by Victor Rask and loses puck.
Goals for this period are 2 for Condors vs 1 for Inferno.
Shots for this period are 11 for Condors vs 8 for Inferno.
Overtime #1
0:01 of 1st overtime period - Tyler Bozak wins face-off versus Vladimir Sobotka in neutral zone.
0:06 of 1st overtime period - Wrist shot by Tyler Bozak.
0:06 of 1st overtime period - Shot Blocked by David Savard.
0:49 of 1st overtime period - Slapshot by Tanner Pearson.
0:49 of 1st overtime period - Shot Blocked by Eric Gustafsson.
0:51 of 1st overtime period - Wrist shot by Vladimir Sobotka.
0:51 of 1st overtime period - Deflect By Tanner Pearson.
0:51 of 1st overtime period - Shot Misses the Net.
0:51 of 1st overtime period - Puck is out of play.
0:52 of 1st overtime period - Philip Varone wins face-off versus Louis Leblanc in Condors zone.
0:55 of 1st overtime period - Wrist shot by Philip Varone.
0:55 of 1st overtime period - Shot Misses the Net.
1:07 of 1st overtime period - Wrist shot by Anton Slepyshev.
1:07 of 1st overtime period - Goal by Anton Slepyshev - Condors : 5 - Inferno : 4.
Goals for this period are 1 for Condors vs 0 for Inferno.
Shots for this period are 1 for Condors vs 0 for Inferno.